[ AOE2 MATCH · #505282644 ]
UnrankedEthiopians vs Mongols
[ REPLAY ANALYSIS · EXTRACTED FROM THE RECORDED GAME ]
Feudal
14:20
Castle
18:00
Imperial
—
| APM avg | 32.5 |
| APM peak | 93 |
| eAPM avg | 20.2 |
| Villagers / military | 79 / 126 |
Focus
⚔️ 37.7% · 🌾 62.3%
Shotel Warrior ×85 · Skirmisher ×34 · Battering Ram ×7
Feudal
11:39
Castle
15:09
Imperial
30:03
| APM avg | 23.8 |
| APM peak | 44 |
| eAPM avg | 18.4 |
| Villagers / military | 145 / 147 |
Focus
⚔️ 30.0% · 🌾 70.0%
Huskarl ×83 · Spearman ×60 · Monk ×2 · Trebuchet (Packed) ×2
Feudal
11:37
Castle
15:10
Imperial
35:03
| APM avg | 70.3 |
| APM peak | 143 |
| eAPM avg | 44.8 |
| Villagers / military | 213 / 39 |
Focus
⚔️ 37.0% · 🌾 63.0%
Mangudai ×37 · Monk ×1 · Mangonel ×1
Feudal
10:30
Castle
13:17
Imperial
28:21
| APM avg | 41.7 |
| APM peak | 88 |
| eAPM avg | 24.5 |
| Villagers / military | 140 / 133 |
Focus
⚔️ 33.4% · 🌾 66.6%
Battle Elephant ×124 · Trade Cart ×16 · Trebuchet (Packed) ×8 · Ballista Elephant ×1
Feudal
12:20
Castle
17:16
Imperial
30:44
| APM avg | 27.8 |
| APM peak | 51 |
| eAPM avg | 15.1 |
| Villagers / military | 144 / 82 |
Focus
⚔️ 17.4% · 🌾 82.6%
Knight ×79 · Trebuchet (Packed) ×2 · Monk ×1
Feudal
14:22
Castle
22:19
Imperial
32:09
| APM avg | 20.6 |
| APM peak | 49 |
| eAPM avg | 12.6 |
| Villagers / military | 60 / 21 |
Focus
⚔️ 25.7% · 🌾 74.3%
Hussite Wagon ×12 · Monk ×5 · Petard ×2 · Mangonel ×2
Feudal
11:27
Castle
27:15
Imperial
31:30
| APM avg | 35.1 |
| APM peak | 92 |
| eAPM avg | 23.4 |
| Villagers / military | 138 / 42 |
Focus
⚔️ 40.0% · 🌾 60.0%
Archer ×37 · Militia ×5
Feudal
12:02
Castle
15:44
Imperial
31:39
| APM avg | 48.2 |
| APM peak | 92 |
| eAPM avg | 27.0 |
| Villagers / military | 113 / 49 |
Focus
⚔️ 24.4% · 🌾 75.6%
Knight ×41 · Conquistador ×5 · Monk ×2 · Trebuchet (Packed) ×1
Match map
Initial resources + every placement click. Lines = walls · curves = elevation contours. ◆ gold · ⬟ stone · ● berries · ✦ relic · ◌ wall gap
Your base· ✓ Closed at 18:00 · 29t walls · no gate
Ministro ChocoArroz's base· ✓ Closed at 15:09 · 0t walls · no gate
VIT | Hera's base· ✓ Closed at 15:10 · 25t walls · no gate
christar123 ten's base· ✓ Closed at 13:17 · 0t walls · no gate
Kyumsi's base· ✓ Closed at 17:16 · 0t walls · no gate
Lord Snow's base· ✓ Closed at 22:19 · 77t walls · no gate
JanChess's base· ✓ Closed at 27:15 · 31t walls · 1 gate(s)
sma.amit's base· ✓ Closed at 15:44 · 0t walls · no gate
Smoothed initial terrain · ◌ = detected wall gap · hover for details
Inputs per minute
— Mr. Weedman - - Ministro ChocoArroz
Build order — Mr. Weedman
First 150 of 217 actions detected
| 0:00 | Create | Villager (Male) |
| 0:00 | Create | Villager (Male) |
| 0:01 | Create | Villager (Male) |
| 0:02 | Build | House |
| 0:03 | Build | House |
| 0:09 | Create | Villager (Male) |
| 0:09 | Create | Villager (Male) |
| 0:25 | Research | Loom |
| 0:42 | Build | Palisade Wall |
| 0:46 | Create | Villager (Male) |
| 0:46 | Create | Villager (Male) |
| 0:46 | Create | Villager (Male) |
| 1:01 | Build | Palisade Wall |
| 2:17 | Create | Villager (Male) |
| 2:17 | Create | Villager (Male) |
| 2:37 | Build | Palisade Wall |
| 2:39 | Build | Palisade Wall |
| 2:41 | Build | Palisade Wall |
| 2:47 | Build | Palisade Wall |
| 2:51 | Build | Palisade Wall |
| 2:52 | Build | Palisade Wall |
| 2:57 | Build | Palisade Wall |
| 3:02 | Create | Villager (Male) |
| 3:02 | Create | Villager (Male) |
| 3:41 | Create | Villager (Male) |
| 3:41 | Create | Villager (Male) |
| 4:21 | Build | Palisade Wall |
| 4:37 | Create | Villager (Male) |
| 4:37 | Create | Villager (Male) |
| 4:54 | Build | House |
| 5:02 | Create | Villager (Male) |
| 5:02 | Create | Villager (Male) |
| 5:16 | Create | Villager (Male) |
| 5:16 | Create | Villager (Male) |
| 6:12 | Build | Lumber Camp |
| 6:14 | Create | Villager (Male) |
| 6:14 | Create | Villager (Male) |
| 6:15 | Create | Villager (Male) |
| 6:37 | Create | Villager (Male) |
| 6:38 | Create | Villager (Male) |
| 7:04 | Create | Villager (Male) |
| 7:04 | Create | Villager (Male) |
| 7:55 | Build | House |
| 8:00 | Create | Villager (Male) |
| 8:00 | Create | Villager (Male) |
| 8:01 | Create | Villager (Male) |
| 8:01 | Create | Villager (Male) |
| 8:32 | Build | House |
| 8:40 | Build | Mining Camp |
| 8:47 | Create | Villager (Male) |
| 8:47 | Create | Villager (Male) |
| 9:13 | Create | Villager (Male) |
| 9:14 | Create | Villager (Male) |
| 9:14 | Create | Villager (Male) |
| 9:14 | Create | Villager (Male) |
| 9:15 | Create | Villager (Male) |
| 9:43 | Create | Villager (Male) |
| 9:44 | Create | Villager (Male) |
| 10:26 | Create | Villager (Male) |
| 10:26 | Create | Villager (Male) |
| 10:47 | Build | Mill |
| 10:57 | Build | Mill |
| 11:10 | Create | Villager (Male) |
| 11:10 | Create | Villager (Male) |
| 11:20 | Build | House |
| 11:42 | Create | Villager (Male) |
| 11:42 | Create | Villager (Male) |
| 12:08 | Research | Feudal Age |
| 13:49 | Build | Farm |
| 13:50 | Build | Farm |
| 13:51 | Build | Farm |
| 14:06 | Build | Mining Camp |
| 14:20 | Age | Feudal Age |
| 14:25 | Build | Market |
| 14:28 | Build | Blacksmith |
| 14:30 | Create | Villager (Male) |
| 14:30 | Create | Villager (Male) |
| 14:42 | Build | Mining Camp |
| 15:18 | Build | Farm |
| 15:19 | Research | Castle Age |
| 15:20 | Research | Castle Age |
| 15:20 | Research | Castle Age |
| 16:33 | Research | Scale Mail Armor |
| 16:34 | Research | Forging |
| 17:23 | Create | Villager (Male) |
| 17:24 | Create | Villager (Male) |
| 17:24 | Create | Villager (Male) |
| 17:29 | Build | House |
| 17:30 | Build | House |
| 18:00 | Age | Castle Age |
| 18:12 | Build | Siege Workshop |
| 18:36 | Build | House |
| 18:43 | Create | Villager (Male) |
| 18:43 | Create | Villager (Male) |
| 18:57 | Build | Castle |
| 18:59 | Create | Battering Ram |
| 19:13 | Research | Double-Bit Axe |
| 19:16 | Build | Farm |
| 19:18 | Build | Farm |
| 19:29 | Research | Chain Mail Armor |
| 19:37 | Build | Farm |
| 19:55 | Create | Villager (Male) |
| 19:58 | Build | Farm |
| 20:23 | Create | Shotel Warrior ×5 |
| 20:23 | Create | Shotel Warrior ×5 |
| 20:24 | Create | Shotel Warrior ×2 |
| 20:35 | Create | Villager (Male) |
| 20:36 | Create | Battering Ram |
| 20:37 | Create | Battering Ram |
| 21:00 | Build | Farm |
| 21:05 | Create | Villager (Male) ×2 |
| 21:14 | Create | Shotel Warrior ×2 |
| 21:31 | Create | Shotel Warrior |
| 21:31 | Create | Shotel Warrior |
| 21:36 | Build | Farm |
| 21:40 | Build | Farm |
| 21:54 | Build | Farm |
| 22:16 | Create | Shotel Warrior |
| 22:16 | Create | Shotel Warrior |
| 22:16 | Create | Shotel Warrior |
| 22:17 | Create | Shotel Warrior |
| 22:17 | Create | Shotel Warrior |
| 22:20 | Create | Villager (Male) |
| 22:20 | Create | Villager (Male) |
| 22:37 | Create | Battering Ram |
| 23:01 | Create | Battering Ram |
| 23:05 | Create | Shotel Warrior ×4 |
| 23:05 | Create | Shotel Warrior ×4 |
| 23:13 | Build | Farm |
| 23:13 | Build | Farm |
| 23:27 | Build | Farm |
| 23:27 | Build | Farm |
| 23:30 | Create | Villager (Male) |
| 23:31 | Create | Villager (Male) |
| 23:42 | Create | Shotel Warrior |
| 23:43 | Create | Shotel Warrior |
| 23:47 | Create | Shotel Warrior |
| 23:47 | Create | Shotel Warrior |
| 24:06 | Create | Shotel Warrior |
| 24:07 | Create | Shotel Warrior |
| 24:12 | Build | Farm |
| 24:13 | Build | Farm |
| 24:16 | Build | Farm |
| 24:18 | Build | Farm |
| 24:26 | Build | Farm |
| 24:27 | Create | Shotel Warrior |
| 24:41 | Create | Shotel Warrior |
| 24:41 | Create | Shotel Warrior |
| 24:42 | Create | Shotel Warrior |
| 24:44 | Create | Shotel Warrior |
Build order — Ministro ChocoArroz
First 150 of 350 actions detected
| 0:03 | Build | House |
| 0:04 | Build | House |
| 0:05 | Create | Villager (Male) |
| 0:05 | Create | Villager (Male) |
| 0:05 | Create | Villager (Male) |
| 0:07 | Create | Villager (Male) |
| 0:07 | Create | Villager (Male) |
| 1:31 | Create | Villager (Male) |
| 2:11 | Create | Villager (Male) |
| 2:15 | Build | Lumber Camp |
| 2:23 | Create | Villager (Male) |
| 2:47 | Research | Loom |
| 2:58 | Create | Villager (Male) |
| 2:59 | Create | Villager (Male) |
| 3:05 | Build | House |
| 3:06 | Build | House |
| 3:09 | Build | House |
| 3:14 | Create | Villager (Male) |
| 3:15 | Create | Villager (Male) |
| 3:40 | Create | Villager (Male) |
| 3:41 | Create | Villager (Male) |
| 4:12 | Create | Villager (Male) |
| 4:12 | Create | Villager (Male) |
| 4:31 | Create | Villager (Male) |
| 4:31 | Create | Villager (Male) |
| 4:51 | Create | Villager (Male) |
| 4:51 | Create | Villager (Male) |
| 5:30 | Build | House |
| 5:34 | Create | Villager (Male) |
| 5:34 | Create | Villager (Male) |
| 5:35 | Create | Villager (Male) |
| 5:38 | Build | Mill |
| 5:55 | Create | Villager (Male) |
| 7:05 | Create | Villager (Male) |
| 7:48 | Create | Villager (Male) |
| 7:53 | Create | Villager (Male) |
| 7:53 | Create | Villager (Male) |
| 8:16 | Create | Villager (Male) |
| 8:43 | Build | Mining Camp |
| 8:53 | Research | Feudal Age |
| 10:07 | Create | Villager (Male) |
| 10:08 | Create | Villager (Male) |
| 11:39 | Age | Feudal Age |
| 11:41 | Build | Market |
| 11:44 | Build | Blacksmith |
| 12:12 | Build | Lumber Camp |
| 12:28 | Research | Castle Age |
| 12:29 | Research | Castle Age |
| 12:30 | Research | Double-Bit Axe |
| 12:49 | Research | Horse Collar |
| 12:54 | Build | Farm |
| 12:55 | Build | Farm |
| 12:56 | Build | Farm |
| 12:58 | Build | Farm |
| 13:41 | Build | House |
| 13:42 | Build | House |
| 13:52 | Create | Villager (Male) |
| 13:52 | Create | Villager (Male) |
| 15:09 | Age | Castle Age |
| 15:14 | Build | Town Center |
| 15:20 | Research | Bow Saw |
| 15:26 | Build | Town Center |
| 15:48 | Create | Villager (Male) |
| 16:03 | Create | Villager (Male) |
| 16:10 | Research | Heavy Plow |
| 16:20 | Build | Farm |
| 16:28 | Build | Farm |
| 16:39 | Create | Villager (Male) |
| 16:52 | Create | Villager (Male) |
| 16:58 | Create | Villager (Male) |
| 17:03 | Build | Town Center |
| 17:06 | Create | Villager (Male) |
| 17:07 | Create | Villager (Male) |
| 17:11 | Create | Villager (Male) |
| 17:17 | Create | Villager (Male) |
| 17:24 | Build | Farm |
| 17:27 | Build | Farm |
| 17:28 | Create | Villager (Male) |
| 17:38 | Create | Villager (Male) |
| 17:45 | Build | Farm |
| 17:48 | Create | Villager (Male) |
| 17:50 | Create | Villager (Male) |
| 17:57 | Create | Villager (Male) |
| 18:04 | Create | Villager (Male) |
| 18:13 | Build | Monastery |
| 18:14 | Create | Villager (Male) |
| 18:18 | Create | Villager (Male) |
| 18:23 | Create | Villager (Male) |
| 18:25 | Create | Villager (Male) |
| 18:39 | Create | Villager (Male) |
| 18:46 | Build | Farm |
| 18:49 | Create | Villager (Male) |
| 18:55 | Build | House |
| 18:57 | Build | House |
| 18:59 | Create | Villager (Male) |
| 19:03 | Build | Farm |
| 19:06 | Create | Villager (Male) |
| 19:10 | Build | House |
| 19:11 | Create | Monk |
| 19:21 | Build | Farm |
| 19:22 | Build | Farm |
| 19:30 | Build | Farm |
| 19:31 | Build | Farm |
| 19:33 | Build | Farm |
| 19:33 | Create | Villager (Male) |
| 19:37 | Create | Villager (Male) |
| 19:38 | Create | Villager (Male) |
| 19:40 | Build | Farm |
| 19:43 | Build | Farm |
| 19:44 | Build | Farm |
| 19:49 | Build | Farm |
| 19:51 | Create | Villager (Male) |
| 19:51 | Create | Villager (Male) |
| 19:55 | Build | House |
| 19:56 | Build | House |
| 20:03 | Build | House |
| 20:04 | Create | Monk |
| 20:05 | Create | Villager (Male) |
| 20:05 | Create | Villager (Male) |
| 20:09 | Create | Villager (Male) |
| 20:10 | Create | Villager (Male) |
| 20:11 | Create | Villager (Male) |
| 20:12 | Create | Villager (Male) |
| 20:25 | Create | Villager (Male) |
| 20:25 | Create | Villager (Male) |
| 20:27 | Build | Farm |
| 20:29 | Build | Farm |
| 20:30 | Build | Farm |
| 20:31 | Create | Villager (Male) |
| 20:35 | Build | Farm |
| 20:36 | Build | Farm |
| 20:42 | Build | Farm |
| 20:43 | Build | Farm |
| 20:43 | Create | Villager (Male) |
| 20:49 | Build | House |
| 20:51 | Build | Mining Camp |
| 20:54 | Create | Villager (Male) |
| 20:54 | Create | Villager (Male) |
| 20:59 | Build | House |
| 21:00 | Create | Villager (Male) |
| 21:07 | Create | Villager (Male) |
| 21:07 | Create | Villager (Male) |
| 21:15 | Build | Town Center |
| 21:17 | Create | Villager (Male) |
| 21:41 | Create | Villager (Male) |
| 21:42 | Create | Villager (Male) |
| 21:42 | Create | Villager (Male) |
| 21:42 | Create | Villager (Male) |
| 21:47 | Build | Farm |
| 21:48 | Build | Farm |
Build order — VIT | Hera
First 150 of 400 actions detected
| 0:00 | Create | Villager (Male) |
| 0:00 | Create | Villager (Male) |
| 0:02 | Build | House |
| 0:03 | Build | House |
| 0:11 | Create | Villager (Male) |
| 0:11 | Create | Villager (Male) |
| 0:28 | Research | Loom |
| 0:31 | Create | Villager (Male) |
| 0:31 | Create | Villager (Male) |
| 1:36 | Build | Palisade Wall |
| 1:36 | Build | Palisade Wall |
| 1:38 | Build | Palisade Wall |
| 1:41 | Create | Villager (Male) |
| 2:00 | Build | Palisade Gate |
| 2:18 | Build | Palisade Wall |
| 2:19 | Build | Palisade Wall |
| 2:23 | Build | Palisade Wall |
| 2:29 | Build | Palisade Wall |
| 2:35 | Build | Palisade Wall |
| 2:38 | Build | Palisade Wall |
| 2:40 | Build | Palisade Wall |
| 2:44 | Create | Villager (Male) |
| 3:09 | Create | Villager (Male) |
| 3:36 | Create | Villager (Male) |
| 3:50 | Create | Villager (Male) |
| 4:19 | Create | Villager (Male) |
| 4:28 | Build | Palisade Wall |
| 4:29 | Build | Palisade Wall |
| 4:30 | Build | Palisade Wall |
| 4:33 | Build | House |
| 4:47 | Create | Villager (Male) |
| 4:47 | Create | Villager (Male) |
| 4:57 | Create | Villager (Male) |
| 5:15 | Create | Villager (Male) |
| 5:45 | Build | Lumber Camp |
| 6:00 | Create | Villager (Male) |
| 6:01 | Create | Villager (Male) |
| 6:01 | Create | Villager (Male) |
| 6:01 | Create | Villager (Male) |
| 6:01 | Create | Villager (Male) |
| 6:25 | Build | House |
| 6:35 | Create | Villager (Male) |
| 6:36 | Create | Villager (Male) |
| 6:36 | Create | Villager (Male) |
| 6:56 | Create | Villager (Male) |
| 7:08 | Build | House |
| 7:40 | Build | Mill |
| 8:58 | Research | Feudal Age |
| 8:58 | Research | Feudal Age |
| 9:14 | Build | Mining Camp |
| 10:08 | Create | Villager (Male) |
| 10:35 | Create | Villager (Male) |
| 10:56 | Build | Palisade Wall |
| 11:01 | Build | Palisade Wall |
| 11:07 | Build | Palisade Wall |
| 11:13 | Build | Palisade Wall |
| 11:23 | Build | House |
| 11:37 | Age | Feudal Age |
| 11:38 | Create | Villager (Male) |
| 11:41 | Build | Market |
| 11:46 | Build | Blacksmith |
| 12:30 | Research | Castle Age |
| 12:30 | Research | Castle Age |
| 13:01 | Research | Double-Bit Axe |
| 13:01 | Research | Double-Bit Axe |
| 13:02 | Research | Horse Collar |
| 13:02 | Research | Horse Collar |
| 14:18 | Create | Villager (Male) |
| 15:01 | Create | Villager (Male) |
| 15:10 | Age | Castle Age |
| 15:11 | Build | Town Center |
| 15:12 | Build | Town Center |
| 15:13 | Research | Bow Saw |
| 15:13 | Research | Bow Saw |
| 15:14 | Research | Heavy Plow |
| 15:14 | Research | Heavy Plow |
| 15:33 | Build | Farm |
| 15:34 | Build | Farm |
| 15:39 | Build | Farm |
| 15:45 | Build | House |
| 15:54 | Create | Villager (Male) |
| 15:57 | Build | Farm |
| 16:01 | Create | Villager (Male) |
| 16:04 | Create | Villager (Male) |
| 16:09 | Build | Farm |
| 16:22 | Build | Farm |
| 16:23 | Build | Farm |
| 16:25 | Create | Villager (Male) |
| 16:26 | Create | Villager (Male) |
| 16:28 | Create | Villager (Male) |
| 16:31 | Create | Villager (Male) |
| 16:32 | Create | Villager (Male) |
| 16:33 | Create | Villager (Male) |
| 16:36 | Create | Villager (Male) |
| 16:40 | Build | Farm |
| 16:41 | Build | Farm |
| 16:53 | Build | Farm |
| 17:05 | Create | Villager (Male) |
| 17:13 | Build | House |
| 17:13 | Build | House |
| 17:18 | Build | Farm |
| 17:19 | Create | Villager (Male) |
| 17:21 | Build | Farm |
| 17:27 | Build | Farm |
| 17:29 | Create | Villager (Male) |
| 17:34 | Build | Farm |
| 17:42 | Build | House |
| 17:46 | Create | Villager (Male) |
| 17:48 | Build | Farm |
| 17:58 | Build | Farm |
| 18:02 | Create | Villager (Male) |
| 18:05 | Build | House |
| 18:11 | Build | Farm |
| 18:12 | Create | Villager (Male) |
| 18:12 | Create | Villager (Male) |
| 18:17 | Create | Villager (Male) |
| 18:19 | Build | Farm |
| 18:24 | Build | Farm |
| 18:33 | Create | Villager (Male) |
| 18:33 | Create | Villager (Male) |
| 18:38 | Build | Farm |
| 18:40 | Create | Villager (Male) |
| 18:47 | Build | Farm |
| 18:50 | Create | Villager (Male) |
| 18:53 | Build | Farm |
| 19:06 | Create | Villager (Male) |
| 19:09 | Build | House |
| 19:10 | Build | House |
| 19:11 | Build | House |
| 19:12 | Create | Villager (Male) |
| 19:14 | Create | Villager (Male) |
| 19:20 | Build | Town Center |
| 19:24 | Build | Farm |
| 19:26 | Build | Farm |
| 19:28 | Create | Villager (Male) |
| 19:40 | Create | Villager (Male) |
| 19:40 | Create | Villager (Male) |
| 19:42 | Create | Villager (Male) |
| 19:50 | Build | Farm |
| 19:52 | Build | Farm |
| 19:53 | Create | Villager (Male) |
| 19:56 | Build | Farm |
| 20:01 | Build | House |
| 20:05 | Create | Villager (Male) |
| 20:09 | Create | Villager (Male) |
| 20:15 | Build | Farm |
| 20:15 | Build | Farm |
| 20:19 | Create | Villager (Male) |
| 20:19 | Create | Villager (Male) |
| 20:35 | Create | Villager (Male) |
Build order — christar123 ten
First 150 of 419 actions detected
| 0:00 | Create | Villager (Male) |
| 0:01 | Create | Villager (Male) |
| 0:01 | Create | Villager (Male) |
| 0:02 | Build | House |
| 0:03 | Build | House |
| 0:10 | Create | Villager (Male) |
| 0:10 | Create | Villager (Male) |
| 1:24 | Create | Villager (Male) |
| 1:57 | Create | Villager (Male) |
| 1:58 | Create | Villager (Male) |
| 1:59 | Build | Lumber Camp |
| 2:15 | Create | Villager (Male) |
| 2:15 | Create | Villager (Male) |
| 2:45 | Create | Villager (Male) |
| 2:45 | Create | Villager (Male) |
| 3:01 | Create | Villager (Male) |
| 3:33 | Create | Villager (Male) |
| 3:33 | Create | Villager (Male) |
| 3:49 | Create | Villager (Male) |
| 3:51 | Build | House |
| 4:08 | Build | House |
| 4:30 | Create | Villager (Male) |
| 4:30 | Create | Villager (Male) |
| 4:52 | Create | Villager (Male) |
| 4:59 | Build | Mill |
| 5:25 | Create | Villager (Male) |
| 5:25 | Create | Villager (Male) |
| 5:32 | Create | Villager (Male) |
| 5:50 | Create | Villager (Male) |
| 6:05 | Create | Villager (Male) |
| 6:16 | Create | Villager (Male) |
| 6:25 | Create | Villager (Male) |
| 6:40 | Create | Villager (Male) |
| 7:15 | Create | Villager (Male) |
| 7:19 | Create | Villager (Male) |
| 7:39 | Build | Mining Camp |
| 8:11 | Research | Feudal Age |
| 8:34 | Build | House |
| 9:33 | Create | Villager (Male) |
| 10:30 | Age | Feudal Age |
| 10:37 | Research | Castle Age |
| 10:37 | Research | Castle Age |
| 11:24 | Build | Farm |
| 11:24 | Research | Double-Bit Axe |
| 11:26 | Research | Horse Collar |
| 11:47 | Build | Farm |
| 12:39 | Build | Farm |
| 12:45 | Create | Villager (Male) |
| 12:46 | Create | Villager (Male) |
| 13:17 | Age | Castle Age |
| 13:19 | Build | Town Center |
| 13:24 | Build | Town Center |
| 13:31 | Research | Bow Saw |
| 13:46 | Create | Villager (Male) |
| 13:52 | Build | House |
| 14:11 | Create | Villager (Male) |
| 14:13 | Build | Farm |
| 14:30 | Create | Villager (Male) |
| 14:42 | Create | Villager (Male) |
| 14:44 | Build | Farm |
| 14:48 | Create | Villager (Male) |
| 14:48 | Create | Villager (Male) |
| 14:56 | Build | Farm |
| 15:08 | Create | Villager (Male) |
| 15:10 | Build | Farm |
| 15:13 | Build | Farm |
| 15:14 | Create | Villager (Male) |
| 15:19 | Create | Villager (Male) |
| 15:28 | Create | Villager (Male) |
| 15:32 | Build | Farm |
| 15:34 | Build | Farm |
| 15:45 | Create | Villager (Male) |
| 15:47 | Build | Farm |
| 15:49 | Build | Farm |
| 15:50 | Create | Villager (Male) |
| 15:50 | Create | Villager (Male) |
| 16:16 | Create | Villager (Male) |
| 16:16 | Create | Villager (Male) |
| 16:18 | Build | Farm |
| 16:19 | Build | Farm |
| 16:21 | Build | Farm |
| 16:22 | Build | Farm |
| 16:25 | Create | Villager (Male) |
| 16:35 | Create | Villager (Male) |
| 16:37 | Build | Farm |
| 16:39 | Build | Farm |
| 16:47 | Create | Villager (Male) |
| 16:58 | Create | Villager (Male) |
| 16:59 | Build | Farm |
| 17:00 | Build | Farm |
| 17:01 | Build | Farm |
| 17:03 | Create | Villager (Male) |
| 17:04 | Build | House |
| 17:05 | Build | House |
| 17:08 | Create | Villager (Male) |
| 17:09 | Build | House |
| 17:10 | Build | House |
| 17:19 | Create | Villager (Male) |
| 17:23 | Build | House |
| 17:24 | Build | House |
| 17:31 | Create | Villager (Male) |
| 17:31 | Create | Villager (Male) |
| 17:31 | Create | Villager (Male) |
| 17:41 | Create | Villager (Male) |
| 17:47 | Build | Market |
| 17:51 | Create | Villager (Male) |
| 17:56 | Create | Villager (Male) |
| 17:58 | Build | Farm |
| 17:59 | Create | Villager (Male) |
| 18:07 | Build | Mining Camp |
| 18:08 | Create | Villager (Male) |
| 18:31 | Create | Villager (Male) |
| 18:31 | Create | Villager (Male) |
| 18:37 | Research | Wheelbarrow |
| 18:37 | Research | Wheelbarrow |
| 18:45 | Create | Villager (Male) |
| 18:46 | Create | Villager (Male) |
| 18:47 | Build | Farm |
| 18:48 | Build | Farm |
| 18:49 | Build | Farm |
| 18:53 | Research | Heavy Plow |
| 18:53 | Research | Heavy Plow |
| 18:59 | Build | House |
| 19:01 | Build | House |
| 19:09 | Create | Villager (Male) |
| 19:12 | Create | Villager (Male) |
| 19:12 | Create | Villager (Male) |
| 19:26 | Create | Villager (Male) |
| 19:31 | Build | Farm |
| 19:31 | Build | Farm |
| 19:33 | Build | Farm |
| 19:35 | Create | Villager (Male) |
| 19:36 | Create | Villager (Male) |
| 19:37 | Build | Farm |
| 19:38 | Build | Farm |
| 19:40 | Build | Farm |
| 19:43 | Build | Farm |
| 19:46 | Create | Villager (Male) |
| 19:51 | Research | Gold Mining |
| 20:03 | Build | Town Center |
| 20:08 | Build | Town Center |
| 20:17 | Create | Villager (Male) |
| 20:17 | Create | Villager (Male) |
| 20:25 | Research | Hand Cart |
| 20:28 | Create | Villager (Male) |
| 20:35 | Build | House |
| 20:36 | Build | House |
| 20:39 | Build | House |
| 20:39 | Build | House |
| 20:40 | Create | Villager (Male) |
Build order — Kyumsi
First 150 of 255 actions detected
| 0:02 | Build | House |
| 0:04 | Create | Villager (Male) |
| 0:04 | Create | Villager (Male) |
| 0:05 | Create | Villager (Male) |
| 0:06 | Build | House |
| 0:38 | Create | Villager (Male) |
| 1:55 | Create | Villager (Male) |
| 1:55 | Create | Villager (Male) |
| 2:04 | Build | Lumber Camp |
| 2:15 | Create | Villager (Male) |
| 2:29 | Create | Villager (Male) |
| 2:29 | Create | Villager (Male) |
| 2:50 | Create | Villager (Male) |
| 2:51 | Create | Villager (Male) |
| 3:40 | Create | Villager (Male) |
| 4:13 | Create | Villager (Male) |
| 4:13 | Create | Villager (Male) |
| 4:26 | Create | Villager (Male) |
| 4:26 | Create | Villager (Male) |
| 4:42 | Build | House |
| 5:16 | Build | Mill |
| 6:01 | Create | Villager (Male) |
| 6:01 | Create | Villager (Male) |
| 6:11 | Create | Villager (Male) |
| 6:11 | Create | Villager (Male) |
| 7:09 | Build | House |
| 7:37 | Create | Villager (Male) |
| 7:37 | Create | Villager (Male) |
| 7:52 | Build | House |
| 8:19 | Build | House |
| 8:55 | Create | Villager (Male) |
| 8:55 | Create | Villager (Male) |
| 8:55 | Create | Villager (Male) |
| 9:14 | Build | House |
| 9:35 | Create | Villager (Male) |
| 9:35 | Create | Villager (Male) |
| 9:41 | Research | Loom |
| 9:44 | Research | Loom |
| 9:49 | Research | Feudal Age |
| 10:06 | Build | Mining Camp |
| 10:23 | Create | Villager (Male) |
| 12:20 | Age | Feudal Age |
| 12:25 | Build | Blacksmith |
| 12:28 | Build | Market |
| 12:56 | Create | Villager (Male) |
| 12:56 | Create | Villager (Male) |
| 12:57 | Create | Villager (Male) |
| 13:28 | Build | Farm |
| 13:49 | Build | Lumber Camp |
| 13:58 | Create | Villager (Male) |
| 13:58 | Create | Villager (Male) |
| 14:09 | Build | Farm |
| 14:14 | Build | Farm |
| 14:17 | Build | Farm |
| 14:20 | Build | Farm |
| 14:22 | Research | Castle Age |
| 14:41 | Research | Double-Bit Axe |
| 14:45 | Research | Gold Mining |
| 15:18 | Create | Villager (Male) |
| 15:19 | Create | Villager (Male) |
| 15:31 | Build | House |
| 15:39 | Build | Farm |
| 15:41 | Build | Farm |
| 16:04 | Research | Wheelbarrow |
| 17:16 | Age | Castle Age |
| 17:23 | Build | Town Center |
| 17:28 | Build | Town Center |
| 17:50 | Research | Bow Saw |
| 17:57 | Build | Farm |
| 18:34 | Create | Villager (Male) |
| 18:34 | Create | Villager (Male) |
| 18:35 | Create | Villager (Male) |
| 18:35 | Create | Villager (Male) |
| 18:41 | Create | Villager (Male) |
| 18:42 | Create | Villager (Male) |
| 18:54 | Create | Villager (Male) |
| 18:55 | Create | Villager (Male) |
| 19:14 | Create | Villager (Male) |
| 19:23 | Build | Farm |
| 19:23 | Build | Farm |
| 19:24 | Build | Farm |
| 19:24 | Build | Farm |
| 19:24 | Build | Farm |
| 19:36 | Create | Villager (Male) |
| 19:43 | Build | Farm |
| 19:46 | Build | Farm |
| 20:01 | Build | Farm |
| 20:05 | Build | Farm |
| 20:08 | Create | Villager (Male) |
| 20:09 | Create | Villager (Male) |
| 20:10 | Build | Farm |
| 20:16 | Build | Farm |
| 20:21 | Create | Villager (Male) |
| 20:21 | Create | Villager (Male) |
| 20:37 | Build | Farm |
| 20:52 | Build | Farm |
| 21:02 | Build | Farm |
| 21:07 | Create | Villager (Male) ×5 |
| 21:07 | Create | Villager (Male) |
| 21:13 | Create | Villager (Male) ×5 |
| 21:13 | Create | Villager (Male) ×5 |
| 21:18 | Build | House |
| 21:25 | Build | House |
| 21:26 | Build | House |
| 21:27 | Build | House |
| 21:28 | Build | House |
| 21:55 | Research | Hand Cart |
| 21:57 | Create | Villager (Male) ×3 |
| 22:10 | Build | House |
| 22:11 | Build | House |
| 22:18 | Build | Farm |
| 22:44 | Build | Farm |
| 22:52 | Build | Farm |
| 22:57 | Create | Villager (Male) ×5 |
| 22:57 | Create | Villager (Male) ×5 |
| 22:58 | Create | Villager (Male) ×3 |
| 23:12 | Build | Farm |
| 23:12 | Build | Farm |
| 23:12 | Build | Farm |
| 23:43 | Build | Farm |
| 23:49 | Build | House |
| 23:50 | Build | House |
| 23:51 | Build | House |
| 23:56 | Create | Villager (Male) ×5 |
| 23:56 | Create | Villager (Male) ×5 |
| 24:33 | Build | Barracks |
| 24:37 | Build | Farm |
| 24:42 | Build | Mining Camp |
| 24:44 | Create | Villager (Male) |
| 24:44 | Create | Villager (Male) |
| 24:44 | Create | Villager (Male) |
| 24:47 | Create | Villager (Male) |
| 24:48 | Create | Villager (Male) |
| 24:50 | Create | Villager (Male) |
| 25:04 | Research | Forging |
| 25:22 | Build | Blacksmith |
| 25:27 | Build | Monastery |
| 25:34 | Build | Stable |
| 25:34 | Build | Stable |
| 25:35 | Build | Stable |
| 25:48 | Create | Villager (Male) ×5 |
| 26:09 | Create | Villager (Male) ×5 |
| 26:10 | Create | Villager (Male) ×5 |
| 26:22 | Build | University |
| 26:34 | Research | Scale Barding Armor |
| 26:34 | Research | Forging |
| 26:50 | Research | Husbandry |
| 27:11 | Build | University |
| 27:20 | Build | House |
| 27:20 | Build | House |
Build order — Lord Snow
142 actions detected in the replay
| 0:00 | Create | Villager (Male) |
| 0:00 | Create | Villager (Male) |
| 0:01 | Create | Villager (Male) |
| 0:01 | Create | Villager (Male) |
| 0:03 | Build | House |
| 0:05 | Build | House |
| 0:41 | Research | Loom |
| 1:12 | Create | Villager (Male) |
| 2:05 | Build | House |
| 2:22 | Create | Villager (Male) |
| 2:23 | Create | Villager (Male) |
| 2:37 | Build | Palisade Wall |
| 2:45 | Build | Palisade Wall |
| 3:21 | Create | Villager (Male) |
| 3:56 | Create | Villager (Male) |
| 3:57 | Create | Villager (Male) |
| 4:04 | Build | House |
| 4:29 | Create | Villager (Male) |
| 4:37 | Build | Palisade Wall |
| 5:07 | Create | Villager (Male) |
| 5:30 | Build | Lumber Camp |
| 5:45 | Create | Villager (Male) |
| 5:45 | Create | Villager (Male) |
| 6:04 | Build | Palisade Wall |
| 6:22 | Create | Villager (Male) |
| 6:42 | Create | Villager (Male) |
| 6:42 | Create | Villager (Male) |
| 7:03 | Create | Villager (Male) |
| 7:04 | Create | Villager (Male) |
| 7:08 | Build | House |
| 7:26 | Create | Villager (Male) |
| 7:58 | Create | Villager (Male) |
| 8:11 | Create | Villager (Male) |
| 8:36 | Create | Villager (Male) |
| 8:51 | Create | Villager (Male) |
| 9:00 | Build | Mill |
| 9:06 | Create | Villager (Male) |
| 9:45 | Build | House |
| 9:48 | Create | Villager (Male) |
| 10:06 | Create | Villager (Male) |
| 10:16 | Create | Villager (Male) |
| 10:52 | Build | Mining Camp |
| 11:02 | Create | Villager (Male) |
| 11:09 | Research | Feudal Age |
| 11:20 | Build | Mining Camp |
| 11:35 | Build | Palisade Wall |
| 12:03 | Build | Palisade Wall |
| 12:06 | Build | Palisade Wall |
| 12:44 | Build | Palisade Wall |
| 13:31 | Create | Villager (Male) |
| 13:31 | Create | Villager (Male) |
| 14:01 | Create | Villager (Male) |
| 14:08 | Build | House |
| 14:09 | Build | House |
| 14:22 | Age | Feudal Age |
| 14:27 | Build | Watch Tower |
| 14:39 | Build | Lumber Camp |
| 14:40 | Create | Villager (Male) |
| 15:09 | Build | Stone Wall |
| 15:20 | Build | Stone Wall |
| 15:36 | Create | Villager (Male) |
| 15:44 | Build | House |
| 16:07 | Create | Villager (Male) |
| 16:41 | Create | Villager (Male) |
| 16:44 | Create | Villager (Male) |
| 16:51 | Build | Blacksmith |
| 16:57 | Build | House |
| 17:09 | Create | Villager (Male) |
| 17:09 | Create | Villager (Male) |
| 17:18 | Create | Villager (Male) |
| 17:24 | Build | Watch Tower |
| 17:27 | Create | Villager (Male) |
| 17:32 | Build | House |
| 17:54 | Create | Villager (Male) |
| 18:08 | Build | Watch Tower |
| 18:29 | Build | Market |
| 18:50 | Create | Villager (Male) |
| 19:11 | Build | Blacksmith |
| 19:39 | Research | Castle Age |
| 20:02 | Research | Double-Bit Axe |
| 20:06 | Build | Farm |
| 20:10 | Build | Farm |
| 20:13 | Build | Farm |
| 20:25 | Build | Farm |
| 20:31 | Build | Farm |
| 20:36 | Build | Farm |
| 20:43 | Build | Farm |
| 20:52 | Build | Farm |
| 20:54 | Research | Horse Collar |
| 21:13 | Build | House |
| 21:15 | Build | House |
| 21:46 | Create | Villager (Male) |
| 21:59 | Create | Villager (Male) |
| 22:19 | Age | Castle Age |
| 22:29 | Build | Castle |
| 22:35 | Research | Bow Saw |
| 22:42 | Build | Farm |
| 22:51 | Build | Siege Workshop |
| 23:00 | Build | Mining Camp |
| 23:09 | Create | Villager (Male) |
| 23:10 | Create | Villager (Male) |
| 23:18 | Create | Hussite Wagon |
| 23:27 | Create | Villager (Male) |
| 23:32 | Create | Hussite Wagon |
| 23:32 | Create | Villager (Male) |
| 24:00 | Create | Mangonel |
| 24:16 | Create | Mangonel |
| 24:27 | Create | Petard |
| 24:28 | Create | Petard |
| 24:47 | Create | Villager (Male) |
| 24:47 | Create | Villager (Male) |
| 24:48 | Create | Villager (Male) |
| 25:17 | Create | Villager (Male) |
| 25:17 | Create | Villager (Male) |
| 25:33 | Create | Villager (Male) |
| 25:59 | Create | Villager (Male) |
| 26:20 | Create | Hussite Wagon ×4 |
| 26:30 | Create | Villager (Male) |
| 26:31 | Create | Villager (Male) |
| 26:59 | Build | Castle |
| 27:20 | Create | Villager (Male) |
| 28:10 | Create | Villager (Male) |
| 28:45 | Build | Lumber Camp |
| 28:56 | Research | Imperial Age |
| 29:16 | Build | Monastery |
| 29:56 | Create | Hussite Wagon |
| 29:56 | Create | Hussite Wagon |
| 30:13 | Create | Hussite Wagon ×2 |
| 30:52 | Create | Hussite Wagon ×2 |
| 31:10 | Create | Monk |
| 31:10 | Create | Monk |
| 31:18 | Research | Fletching |
| 31:27 | Build | Stone Wall |
| 32:06 | Create | Monk |
| 32:09 | Age | Imperial Age |
| 32:23 | Build | Monastery |
| 32:34 | Build | Monastery |
| 33:04 | Build | Town Center |
| 33:39 | Build | Town Center |
| 35:41 | Build | Town Center |
| 35:59 | Create | Monk |
| 36:00 | Create | Monk |
Build order — JanChess
First 150 of 299 actions detected
| 0:01 | Create | Villager (Male) |
| 0:01 | Create | Villager (Male) |
| 0:02 | Create | Villager (Male) |
| 0:02 | Create | Villager (Male) |
| 0:02 | Create | Villager (Male) |
| 0:04 | Build | House |
| 0:06 | Build | House |
| 0:10 | Research | Loom |
| 0:20 | Create | Villager (Male) |
| 0:21 | Create | Villager (Male) |
| 0:21 | Create | Villager (Male) |
| 0:21 | Create | Villager (Male) |
| 1:42 | Create | Villager (Male) |
| 1:42 | Create | Villager (Male) |
| 1:42 | Create | Villager (Male) |
| 2:33 | Create | Villager (Male) |
| 2:33 | Create | Villager (Male) |
| 2:38 | Create | Villager (Male) |
| 2:38 | Create | Villager (Male) |
| 3:18 | Create | Villager (Male) |
| 3:19 | Create | Villager (Male) |
| 3:19 | Create | Villager (Male) |
| 3:35 | Build | Palisade Wall |
| 3:42 | Create | Villager (Male) |
| 3:42 | Create | Villager (Male) |
| 3:43 | Create | Villager (Male) |
| 4:14 | Create | Villager (Male) |
| 4:14 | Create | Villager (Male) |
| 4:20 | Build | House |
| 4:30 | Build | House |
| 4:33 | Create | Villager (Male) |
| 4:33 | Create | Villager (Male) |
| 4:33 | Create | Villager (Male) |
| 5:27 | Build | Lumber Camp |
| 5:49 | Create | Villager (Male) |
| 5:50 | Create | Villager (Male) |
| 6:30 | Create | Villager (Male) |
| 6:31 | Create | Villager (Male) |
| 6:46 | Build | Palisade Wall |
| 6:56 | Build | House |
| 7:02 | Create | Villager (Male) |
| 7:02 | Create | Villager (Male) |
| 7:18 | Create | Villager (Male) |
| 7:34 | Create | Villager (Male) |
| 7:35 | Create | Villager (Male) |
| 7:47 | Create | Villager (Male) |
| 7:50 | Create | Villager (Male) |
| 7:50 | Create | Villager (Male) |
| 8:01 | Create | Villager (Male) |
| 8:01 | Create | Villager (Male) |
| 8:22 | Build | Barracks |
| 8:33 | Create | Villager (Male) |
| 8:34 | Create | Villager (Male) |
| 8:34 | Create | Villager (Male) |
| 8:34 | Create | Villager (Male) |
| 8:34 | Create | Villager (Male) |
| 9:05 | Create | Villager (Male) |
| 9:05 | Create | Villager (Male) |
| 9:05 | Create | Villager (Male) |
| 9:20 | Create | Villager (Male) |
| 9:20 | Create | Villager (Male) |
| 10:09 | Research | Feudal Age |
| 10:40 | Create | Militia |
| 10:40 | Create | Militia |
| 10:40 | Create | Militia |
| 10:46 | Build | Mining Camp |
| 11:27 | Age | Feudal Age |
| 11:31 | Build | Watch Tower |
| 11:37 | Build | House |
| 11:42 | Create | Villager (Male) |
| 11:42 | Create | Villager (Male) |
| 12:03 | Build | Archery Range |
| 12:20 | Research | Man-at-Arms (upgrade) |
| 12:52 | Create | Villager (Male) |
| 12:52 | Create | Villager (Male) |
| 12:52 | Create | Villager (Male) |
| 12:58 | Create | Militia |
| 12:58 | Create | Militia |
| 13:21 | Build | Mining Camp |
| 13:35 | Create | Villager (Male) |
| 13:35 | Create | Villager (Male) |
| 13:36 | Create | Villager (Male) |
| 13:36 | Create | Villager (Male) |
| 13:40 | Create | Archer |
| 13:41 | Create | Archer |
| 13:41 | Create | Archer |
| 14:09 | Build | House |
| 14:13 | Create | Villager (Male) |
| 14:13 | Create | Villager (Male) |
| 14:39 | Create | Villager (Male) |
| 14:39 | Create | Villager (Male) |
| 14:39 | Create | Villager (Male) |
| 14:58 | Create | Villager (Male) |
| 14:58 | Create | Villager (Male) |
| 15:09 | Build | Watch Tower |
| 15:25 | Build | House |
| 15:26 | Build | House |
| 15:26 | Build | House |
| 15:26 | Build | House |
| 15:28 | Create | Villager (Male) |
| 15:28 | Create | Villager (Male) |
| 15:28 | Create | Villager (Male) |
| 15:32 | Create | Archer |
| 15:32 | Create | Archer |
| 15:32 | Create | Archer |
| 15:33 | Create | Archer |
| 15:45 | Create | Villager (Male) |
| 15:45 | Create | Villager (Male) |
| 15:45 | Create | Villager (Male) |
| 16:17 | Create | Villager (Male) |
| 16:18 | Create | Villager (Male) |
| 16:18 | Create | Villager (Male) |
| 16:30 | Build | Mining Camp |
| 16:43 | Create | Archer |
| 16:50 | Build | Gate |
| 16:52 | Build | Stone Wall |
| 17:06 | Build | Mill |
| 17:26 | Create | Villager (Male) |
| 17:27 | Create | Villager (Male) |
| 18:09 | Create | Villager (Male) |
| 18:10 | Create | Villager (Male) |
| 18:14 | Build | Farm |
| 18:16 | Build | Farm |
| 18:16 | Build | Farm |
| 18:16 | Build | Farm |
| 18:16 | Build | Farm |
| 18:27 | Create | Archer |
| 18:28 | Create | Archer |
| 18:28 | Create | Archer |
| 18:28 | Create | Archer |
| 19:06 | Create | Villager (Male) |
| 19:13 | Create | Villager (Male) |
| 19:14 | Create | Villager (Male) |
| 19:17 | Build | Farm |
| 19:20 | Build | Farm |
| 19:22 | Build | Farm |
| 19:26 | Build | Farm |
| 19:31 | Research | Double-Bit Axe |
| 19:51 | Build | House |
| 19:53 | Build | House |
| 19:55 | Create | Villager (Male) |
| 19:55 | Create | Villager (Male) |
| 20:13 | Create | Villager (Male) |
| 20:13 | Create | Villager (Male) |
| 20:19 | Create | Villager (Male) |
| 20:19 | Create | Villager (Male) |
| 20:41 | Build | Market |
| 20:48 | Create | Villager (Male) |
| 20:48 | Create | Villager (Male) |
| 20:56 | Build | House |
Build order — sma.amit
First 150 of 307 actions detected
| 0:02 | Create | Villager (Male) |
| 0:03 | Create | Villager (Male) |
| 0:03 | Create | Villager (Male) |
| 0:03 | Create | Villager (Male) |
| 0:03 | Create | Villager (Male) |
| 0:05 | Build | House |
| 0:07 | Build | House |
| 2:05 | Create | Villager (Male) |
| 2:26 | Build | Lumber Camp |
| 2:41 | Create | Villager (Male) |
| 3:00 | Create | Villager (Male) |
| 3:25 | Create | Villager (Male) |
| 3:48 | Create | Villager (Male) |
| 4:11 | Build | House |
| 4:19 | Create | Villager (Male) |
| 4:49 | Create | Villager (Male) |
| 4:51 | Create | Villager (Male) |
| 5:15 | Create | Villager (Male) |
| 5:37 | Build | House |
| 6:22 | Create | Villager (Male) |
| 6:41 | Build | Mill |
| 6:46 | Create | Villager (Male) |
| 7:18 | Create | Villager (Male) |
| 7:46 | Create | Villager (Male) |
| 8:10 | Create | Villager (Male) |
| 8:33 | Create | Villager (Male) |
| 8:56 | Create | Villager (Male) |
| 9:26 | Create | Villager (Male) |
| 9:32 | Build | Mining Camp |
| 9:45 | Research | Feudal Age |
| 10:03 | Create | Villager (Male) |
| 10:47 | Build | Farm |
| 10:50 | Build | Farm |
| 10:52 | Build | Farm |
| 11:05 | Build | House |
| 11:45 | Create | Villager (Male) |
| 12:02 | Age | Feudal Age |
| 12:12 | Build | Blacksmith |
| 12:16 | Build | Market |
| 13:04 | Research | Castle Age |
| 13:20 | Build | House |
| 13:50 | Create | Villager (Male) |
| 14:02 | Research | Double-Bit Axe |
| 14:06 | Research | Horse Collar |
| 14:10 | Build | House |
| 15:44 | Age | Castle Age |
| 15:51 | Build | Town Center |
| 15:58 | Build | Town Center |
| 16:04 | Research | Heavy Plow |
| 16:06 | Research | Bow Saw |
| 16:08 | Create | Villager (Male) |
| 16:12 | Build | Farm |
| 16:34 | Create | Villager (Male) |
| 16:46 | Create | Villager (Male) |
| 17:14 | Build | Farm |
| 17:15 | Build | Farm |
| 17:15 | Build | Farm |
| 17:15 | Build | Farm |
| 17:18 | Create | Villager (Male) |
| 17:30 | Build | Farm |
| 17:30 | Build | Farm |
| 17:46 | Build | Farm |
| 17:52 | Build | House |
| 18:00 | Create | Villager (Male) |
| 18:00 | Create | Villager (Male) |
| 18:00 | Create | Villager (Male) |
| 18:08 | Create | Villager (Male) |
| 18:08 | Create | Villager (Male) |
| 18:09 | Create | Villager (Male) |
| 18:09 | Create | Villager (Male) |
| 18:21 | Build | Farm |
| 18:22 | Build | Farm |
| 18:26 | Build | House |
| 18:29 | Build | House |
| 18:31 | Create | Villager (Male) |
| 18:46 | Create | Villager (Male) |
| 18:54 | Build | Farm |
| 18:57 | Create | Villager (Male) |
| 18:59 | Create | Villager (Male) |
| 19:00 | Build | Farm |
| 19:01 | Build | Farm |
| 19:01 | Build | Farm |
| 19:01 | Build | Farm |
| 19:08 | Build | Farm |
| 19:10 | Create | Villager (Male) |
| 19:17 | Build | Farm |
| 19:28 | Build | House |
| 19:32 | Build | Farm |
| 19:38 | Create | Villager (Male) |
| 19:39 | Create | Villager (Male) |
| 19:39 | Create | Villager (Male) |
| 19:40 | Create | Villager (Male) |
| 19:47 | Build | House |
| 19:56 | Build | House |
| 19:57 | Build | House |
| 19:58 | Build | House |
| 20:00 | Create | Villager (Male) |
| 20:01 | Create | Villager (Male) |
| 20:07 | Create | Villager (Male) |
| 20:09 | Build | Farm |
| 20:16 | Create | Villager (Male) |
| 20:20 | Build | Farm |
| 20:20 | Build | Farm |
| 20:30 | Build | Farm |
| 20:33 | Create | Villager (Male) |
| 20:33 | Create | Villager (Male) |
| 20:33 | Create | Villager (Male) |
| 20:34 | Create | Villager (Male) |
| 20:36 | Build | Farm |
| 20:47 | Create | Villager (Male) |
| 20:49 | Create | Villager (Male) |
| 20:57 | Create | Villager (Male) |
| 21:03 | Build | Farm |
| 21:05 | Build | Farm |
| 21:14 | Build | Farm |
| 21:16 | Create | Villager (Male) |
| 21:18 | Create | Villager (Male) |
| 21:18 | Create | Villager (Male) |
| 21:27 | Build | Farm |
| 21:35 | Build | Farm |
| 21:35 | Build | Farm |
| 21:37 | Create | Villager (Male) |
| 21:40 | Build | House |
| 21:42 | Build | House |
| 21:44 | Create | Villager (Male) |
| 21:47 | Create | Villager (Male) |
| 21:56 | Build | Farm |
| 22:00 | Create | Villager (Male) |
| 22:02 | Create | Villager (Male) |
| 22:04 | Create | Villager (Male) |
| 22:08 | Build | Farm |
| 22:10 | Create | Villager (Male) |
| 22:11 | Create | Villager (Male) |
| 22:15 | Build | Farm |
| 22:19 | Build | Farm |
| 22:20 | Build | Farm |
| 22:20 | Build | Farm |
| 22:21 | Create | Villager (Male) |
| 22:22 | Create | Villager (Male) |
| 22:26 | Build | House |
| 22:31 | Create | Villager (Male) |
| 22:43 | Build | Farm |
| 22:48 | Create | Villager (Male) |
| 23:02 | Build | House |
| 23:03 | Build | House |
| 23:04 | Build | House |
| 23:05 | Build | House |
| 23:20 | Build | Farm |
| 23:21 | Create | Villager (Male) |
| 23:22 | Create | Villager (Male) |
Match timeline
| 0:42 | Mr. Weedman · wall_segment Palisade Wall x13 |
| 1:01 | Mr. Weedman · wall_segment Palisade Wall x12 |
| 1:36 | VIT | Hera · wall_segment Palisade Wall x1 |
| 1:36 | VIT | Hera · wall_segment Palisade Wall x1 |
| 1:38 | VIT | Hera · wall_segment Palisade Wall x1 |
| 2:18 | VIT | Hera · wall_segment Palisade Wall x1 |
| 2:19 | VIT | Hera · wall_segment Palisade Wall x1 |
| 2:23 | VIT | Hera · wall_segment Palisade Wall x1 |
| 2:29 | VIT | Hera · wall_segment Palisade Wall x1 |
| 2:35 | VIT | Hera · wall_segment Palisade Wall x1 |
| 2:37 | Mr. Weedman · wall_segment Palisade Wall x1 |
| 2:37 | Lord Snow · wall_segment Palisade Wall x1 |
| 2:38 | VIT | Hera · wall_segment Palisade Wall x1 |
| 2:39 | Mr. Weedman · wall_segment Palisade Wall x1 |
| 2:40 | VIT | Hera · wall_segment Palisade Wall x1 |
| 2:41 | Mr. Weedman · wall_segment Palisade Wall x1 |
| 2:45 | Lord Snow · wall_segment Palisade Wall x12 |
| 2:47 | Mr. Weedman · wall_segment Palisade Wall x1 |
| 2:51 | Mr. Weedman · wall_segment Palisade Wall x1 |
| 2:52 | Mr. Weedman · wall_segment Palisade Wall x1 |
| 2:57 | Mr. Weedman · wall_segment Palisade Wall x1 |
| 3:35 | JanChess · wall_segment Palisade Wall x8 |
| 4:21 | Mr. Weedman · wall_segment Palisade Wall x1 |
| 4:28 | VIT | Hera · wall_segment Palisade Wall x8 |
| 4:29 | VIT | Hera · wall_segment Palisade Wall x3 |
| 4:30 | VIT | Hera · wall_segment Palisade Wall x2 |
| 4:37 | Lord Snow · wall_segment Palisade Wall x14 |
| 6:04 | Lord Snow · wall_segment Palisade Wall x1 |
| 6:46 | JanChess · wall_segment Palisade Wall x1 |
| 8:22 | JanChess · first_building Barracks |
| 10:30 | christar123 ten · age_up feudal |
| 10:56 | VIT | Hera · wall_segment Palisade Wall x1 |
| 11:01 | VIT | Hera · wall_segment Palisade Wall x1 |
| 11:07 | VIT | Hera · wall_segment Palisade Wall x1 |
| 11:13 | VIT | Hera · wall_segment Palisade Wall x1 |
| 11:27 | JanChess · age_up feudal |
| 11:35 | Lord Snow · wall_segment Palisade Wall x9 |
| 11:37 | VIT | Hera · age_up feudal |
| 11:39 | Ministro ChocoArroz · age_up feudal |
| 12:02 | sma.amit · age_up feudal |
| 12:03 | Lord Snow · wall_segment Palisade Wall x6 |
| 12:03 | JanChess · first_building Archery Range |
| 12:06 | Lord Snow · wall_segment Palisade Wall x8 |
| 12:20 | Kyumsi · age_up feudal |
| 12:44 | Lord Snow · wall_segment Palisade Wall x13 |
| 13:17 | christar123 ten · age_up castle |
| 14:20 | Mr. Weedman · age_up feudal |
| 14:22 | Lord Snow · age_up feudal |
| 15:09 | Ministro ChocoArroz · age_up castle |
| 15:09 | Lord Snow · wall_segment Stone Wall x8 |
| 15:10 | VIT | Hera · age_up castle |
| 15:20 | Lord Snow · wall_segment Stone Wall x6 |
| 15:44 | sma.amit · age_up castle |
| 16:21 | VIT | Hera · first_market_buy 100 wood |
| 16:45 | Ministro ChocoArroz · first_market_buy 100 stone |
| 16:52 | JanChess · wall_segment Stone Wall x6 |
| 17:16 | Kyumsi · age_up castle |
| 18:00 | Mr. Weedman · age_up castle |
| 18:06 | sma.amit · first_market_buy 100 food |
| 18:12 | Mr. Weedman · first_building Siege Workshop |
| 18:13 | Ministro ChocoArroz · first_building Monastery |
| 18:52 | christar123 ten · first_market_buy 100 food |
| 18:57 | Mr. Weedman · first_building Castle |
| 19:36 | Lord Snow · first_market_buy 100 food |
| 21:50 | JanChess · first_market_sell 100 stone |
| 21:52 | JanChess · first_market_buy 100 food |
| 22:15 | christar123 ten · first_building Monastery |
| 22:19 | Lord Snow · age_up castle |
| 22:29 | Lord Snow · first_building Castle |
| 22:51 | Lord Snow · first_building Siege Workshop |
| 23:00 | Mr. Weedman · first_market_buy 100 wood |
| 23:31 | JanChess · wall_segment Stone Wall x7 |
| 23:33 | JanChess · wall_segment Stone Wall x1 |
| 23:48 | JanChess · wall_segment Stone Wall x1 |
| 24:08 | christar123 ten · first_building Stable |
| 24:33 | Kyumsi · first_building Barracks |
| 25:06 | sma.amit · first_building Siege Workshop |
| 25:09 | christar123 ten · first_market_sell 100 food |
| 25:16 | VIT | Hera · first_building Monastery |
| 25:17 | JanChess · wall_segment Stone Wall x8 |
| 25:27 | Kyumsi · first_building Monastery |
| 25:34 | Ministro ChocoArroz · first_building Castle |
| 25:34 | Kyumsi · first_building Stable |
| 25:47 | VIT | Hera · first_building Castle |
| 25:49 | VIT | Hera · first_building Siege Workshop |
| 25:54 | sma.amit · first_building Castle |
| 26:04 | VIT | Hera · first_market_sell 100 food |
| 26:58 | Ministro ChocoArroz · first_building Barracks |
| 27:05 | christar123 ten · first_building Castle |
| 27:15 | JanChess · age_up castle |
| 27:24 | sma.amit · first_market_sell 100 food |
| 27:45 | JanChess · wall_segment Stone Wall x5 |
| 28:00 | JanChess · first_building Siege Workshop |
| 28:04 | Mr. Weedman · first_market_sell 100 food |
| 28:17 | Lord Snow · first_market_sell 500 stone |
| 28:21 | christar123 ten · age_up imperial |
| 28:59 | Ministro ChocoArroz · first_market_sell 500 wood |
| 29:16 | Lord Snow · first_building Monastery |
| 29:48 | Mr. Weedman · first_building Barracks |
| 29:51 | sma.amit · first_building Barracks |
| 30:03 | JanChess · wall_segment Stone Wall x1 |
| 30:03 | Ministro ChocoArroz · age_up imperial |
| 30:04 | sma.amit · first_building Monastery |
| 30:44 | Kyumsi · age_up imperial |
| 30:52 | sma.amit · first_building Stable |
| 31:19 | JanChess · first_building Castle |
| 31:27 | Lord Snow · wall_segment Stone Wall x4 |
| 31:30 | JanChess · age_up imperial |
| 31:38 | Kyumsi · first_building Castle |
| 31:39 | sma.amit · age_up imperial |
| 31:39 | Mr. Weedman · first_building Archery Range |
| 32:09 | Lord Snow · age_up imperial |
| 32:42 | VIT | Hera · wall_segment Palisade Wall x1 |
| 34:09 | Kyumsi · first_market_sell 100 wood |
| 34:18 | JanChess · wall_segment Stone Wall x8 |
| 35:03 | VIT | Hera · age_up imperial |
| 36:26 | VIT | Hera · first_building Barracks |
| 38:11 | VIT | Hera · resign |
[ AI ANALYSIS · 1 CREDIT ]
What really happened in this match?
Wolo.gg analyzes every decision: build order, eco, micro, common mistakes by bracket. Personalized analysis on WhatsApp or Discord in 30 seconds.
Civ guide
Ethiopians
Perfil
Jugador #11765380